 Dungeon Crawl Stone Soup version 0.27.0-1-g7a089689b8 (webtiles) character file.

Game seed: 17830791946293192197

47002 agentchuck the Fighter (level 14, 0/118 HPs)
             Began as a Formicid Warper on Aug 2, 2021.
             Was a High Priest of Jiyva.
             Slain by a phantasmal warrior (21 damage)
             ... led by a death knight
             ... on level 12 of the Dungeon on Aug 3, 2021.
             The game lasted 01:53:56 (27679 turns).

agentchuck the Fighter (Formicid Warper)           Turns: 27679, Time: 01:53:57

Health: 0/118      AC: 13    Str: 25    XL:     14   Next: 79%
Magic:  17/17      EV: 14    Int: 10    God:    Jiyva [*****.]
Gold:   1738       SH:  0    Dex: 11    Spells: 10/17 levels left

rFire    + . .     SeeInvis +   e - +3 double sword (flame)
rCold    + + .     Faith    .   (no shield)
rNeg     . . .     Spirit   .   b - +0 chain mail
rPois    .         Reflect  .   (helmet unavailable)
rElec    .         Harm     .   H - scarf {rC+ rF+}
rCorr    +         Rampage  .   i - +1 pair of gloves
Will     +....     Clarity  +   y - +0 pair of boots
Stlth    ..........             m - amulet of the acrobat
HPRegen  0.29/turn              E - +4 ring of evasion
MPRegen  0.15/turn              M - ring of willpower

@: weak-willed
A: permanent stasis, dig shafts and tunnels, antennae 3, four strong arms, agile
1, clarity, cold resistance 1, deformed body, sense surroundings 1, shaggy fur
1, MP-powered wands
a: Dig, Shaft Self, Renounce Religion, Request Jelly, Slimify, Cure Bad Mutation


You were on level 12 of the Dungeon.
You worshipped Jiyva.
Jiyva was extremely pleased with you.
You visited 4 branches of the dungeon, and saw 25 of its levels.
You also visited: Ice Cave.

You collected 1738 gold pieces.


Innate Abilities, Weirdness & Mutations

You cannot be hasted, slowed, berserked, paralysed or teleported.
You can dig through walls and to a lower floor.
You have a pair of large antennae on your head. (SInv)
Your four strong arms can wield two-handed weapons with a shield.
You are agile. (Dex +2)
You possess an exceptional clarity of mind.
Your flesh is cold resistant. (rC+)
Armour fits poorly on your strangely shaped body.
You passively map a small area around you.
You are covered in fur. (AC +1)
You expend magic power (3 MP) to strengthen your wands.


   Skills:
 + Level 13.3 Fighting
 + Level 11.8 Long Blades
 - Level 7.4 Throwing
 + Level 12.4 Armour
 + Level 5.6 Dodging
 + Level 5.5 Stealth
 - Level 2.1 Spellcasting
 - Level 2.7 Translocations
 - Level 10.5 Evocations


You had 10 spell levels left.
You knew the following spells:

 Your Spells              Type           Power      Damage    Failure   Level
l - Lesser Beckoning      Tloc           3%         N/A       80%         3
t - Teleport Other        Tloc           6%         N/A       80%         3
z - Magic Dart            Conj           4%         1d3       80%         1

Your spell library contained the following spells:

 Spells                   Type           Power      Damage    Failure   Level
 Gell's Gravitas          Tloc           3%         N/A       80%         3
 Searing Ray              Conj           2%         3d3       91%         2
 Dazzling Flash           Conj/Hex       2%         N/A       99%         3
 Fulminant Prism          Conj/Hex       0%         3d6       100%        4
 Iskenderun's Mystic Bla  Conj/Tloc      3%         2d3       100%        4
 Manifold Assault         Tloc           6%         N/A       100%        5
 Starburst                Conj/Fire      0%         8x6d3     100%        6
 Blink                    Tloc           Unusable   N/A       N/A         2

Inventory:

Hand Weapons
 e - a +3 double sword of flaming (weapon)
 h - a +0 hand crossbow
 q - a +2 short sword of draining
 w - a +0 dagger of electrocution
 N - a +0 battleaxe
 O - a +0 hunting sling
Missiles
 a - 285 stones (quivered)
 c - 5 boomerangs of dispersal {=f}
 j - 89 bolts
 s - 5 javelins
 x - 25 sling bullets
 C - 3 boomerangs
 F - 9 poisoned darts
Armour
 b - a +0 chain mail (worn)
 g - a +0 ring mail
 i - a +1 pair of gloves (worn)
 y - a +0 pair of boots (worn)
 D - a +0 plate armour
 H - a scarf of resistance (worn)
Magical Staves
 l - a staff of air
Jewellery
 m - an amulet of the acrobat (around neck)
 E - a +4 ring of evasion (left hand)
 M - a ring of willpower (right hand)
 P - a ring of poison resistance
Wands
 p - a wand of flame (4)
 u - a wand of digging (5)
Scrolls
 v - a scroll of fear
 A - 2 scrolls of magic mapping
 G - 4 scrolls of amnesia
Potions
 d - 3 potions of mutation {unknown}
 f - 5 potions of curing {@q1}
 n - a potion of ambrosia
 o - a potion of lignification {unknown}
 t - a potion of flight {unknown}
 z - a potion of experience {unknown}
 B - 4 potions of heal wounds {@q2}
 Q - a potion of magic {unknown}
 R - a potion of brilliance
Miscellaneous
 k - a tin of tremorstones (2/2)
 r - a box of beasts (inert)
 J - a lightning rod (4/4)

Dungeon Overview and Level Annotations

Branches:
Dungeon (13/15)            Temple (1/1) D:7            Lair (6/6) D:10
  Swamp (0/4) Lair:2        Snake (0/4) Lair:4        Slime (5/5) Lair:5
    Orc (0/2) D:11          IceCv (visited)
 Vaults: D:13-14

Altars:
Ashenzari
Cheibriados
Dithmenos
Elyvilon
Fedhas
Gozag
Hepliaklqana
Kikubaaqudgha
Makhleb
Nemelex Xobeh
Okawaru
Qazlal
Ru
Sif Muna
Trog
Uskayaw
Vehumet
Wu Jian
Xom
Yredelemnul
Zin
The Shining One
Jiyva
Lugonu

Portals:
Abyss: Lair:6

Annotations:
D:7 Duvessa, Pikel
D:8 1 runed translucent door
Lair:2 exclusion: 2 oklob plants
Slime:5 Royal Jelly

#)### ### ####J########
>.# #....^......#
######## ..#
#...........# #......#
..# #...........#
#......# ..#
#...........# #......#
..+, #.....>.....#
#......# ..#
#.........W.# #......#
..# ,#..........@###
#......# ..#
#..........H..###......#
###
+...........#..........#
#...........#####......#
###'######### ##.#####
#...# #..# ###.# ##.#
####'### ####.### ##
#......##### #......#


You could see a phantasmal warrior (ally target), a neutral jelly (wandering)
(fellow slime) and a friendly juvenile oxweird beast (summoned).


Message History

You climb downwards.
A skeletal warrior and a phantasmal warrior come into view.
There is a stone staircase leading up here.
You hear a distant slurping noise.
The phantasmal warrior blinks!
The phantasmal warrior blinks!
The phantasmal warrior hits you!!
The skeletal warrior hits you but does no damage.
You hear a roar!
You climb upwards.
There is a stone staircase leading down here.
You hit the phantasmal warrior but do no damage.
The phantasmal warrior hits you!!
Your willpower is stripped away!
You hit the phantasmal warrior. You burn the phantasmal warrior.
The phantasmal warrior is lightly damaged.
The phantasmal warrior hits you.
You barely miss the phantasmal warrior.
The phantasmal warrior is lightly damaged.
The phantasmal warrior hits you!!
* * * LOW HITPOINT WARNING * * *
You hit the phantasmal warrior but do no damage.
The phantasmal warrior is lightly damaged.
You hit the phantasmal warrior. You burn the phantasmal warrior.
The phantasmal warrior is lightly damaged.
The phantasmal warrior hits you!!
* * * LOW HITPOINT WARNING * * *
You open the lid... ...and a juvenile oxweird beast leaps out!
The box is emptied!
The phantasmal warrior hits you!!
You die...

Skill      XL: |  1  2  3  4  5  6  7  8  9 10 11 12 13 14 |
---------------+-------------------------------------------+-----
Fighting       | 3 4 5 6 7 9 10 11 12 13 | 13.3
Long Blades    | 3 4 5 6 7 8 9 11 | 11.8
Armour         | 2 3 4 5 7 8 10 11 12 | 12.4
Throwing       | 2 3 4 6 7 |  7.4
Dodging        | 4 5 |  5.6
Stealth        | 5 |  5.5
Evocations     | 4 6 8 10 | 10.5
Spellcasting   | |  2.1
Translocations | |  2.7

Action                   |  1- 3 |  4- 6 |  7- 9 | 10-12 | 13-15 || total
-------------------------+-------+-------+-------+-------+-------++-------
Melee: Falchion          |    20 |       |     4 |       |       ||    24
       Dagger            |    56 |   138 |   346 |   489 |    29 ||  1058
       Hand axe          |       |    13 |       |       |       ||    13
       Short sword       |       |       |       |   687 |   171 ||   858
       Long sword        |       |       |       |     7 |       ||     7
       Unarmed           |       |       |       |     1 |       ||     1
       Double sword      |       |       |       |       |   458 ||   458
Throw: Stone             |    43 |    22 |     1 |       |    18 ||    84
       Boomerang         |       |       |    18 |    32 |       ||    50
       Throwing net      |       |       |     1 |     1 |       ||     2
       Dart              |       |       |       |    11 |    11 ||    22
Invok: Request Jelly     |       |       |       |    13 |       ||    13
       Slimify           |       |       |       |     2 |       ||     2
       Cure Bad Mutation |       |       |       |     1 |       ||     1
 Abil: Dig               |     2 |     3 |     8 |    32 |     4 ||    49
       Shaft Self        |       |       |       |     1 |       ||     1
Evoke: Wand              |       |       |     6 |    10 |     3 ||    19
       Tin of tremorston |       |       |       |     2 |     1 ||     3
       Lightning rod     |       |       |       |       |     4 ||     4
       Box of beasts     |       |       |       |       |     1 ||     1
  Use: Scroll            |       |       |     4 |     4 |     8 ||    16
       Potion            |       |       |       |     2 |     3 ||     5
 Stab: Distracted        |       |       |       |     1 |     1 ||     2
       Paralysed         |       |       |       |     1 |       ||     1
Armor: Leather armour    |     2 |       |       |       |       ||     2
       Ring mail         |     9 |       |       |       |       ||     9
       Chain mail        |    16 |    52 |   119 |    47 |    10 ||   244
       Plate armour      |       |       |       |   422 |   280 ||   702
Dodge: Dodged            |    28 |    74 |   190 |   743 |   429 ||  1464
       Rpst.: Falchion   |     3 |       |     1 |       |       ||     4
       Long sword        |       |       |       |     2 |       ||     2
       Double sword      |       |       |       |       |    92 ||    92

Levels and vault maps discovered:
D:1:      dpeg_arrival_lava_temple_mockup, layout_loops_ring
D:2:      wad_pebble_path, layout_basic,
          shapermc_ecumenical_altar_mp_ritualfount, roderic_lattice_a,
          palyth_stone_intersect, uniq_natasha, uniq_terence
D:3:      layout_loops_ring, minmay_misc_feat_room, uniq_jessica
D:4:      layout_basic, nicolae_ashenzari_panopticon, grunt_ministairs_11,
          minmay_ruptured
D:5:      layout_gridville, grunt_temple_overflow_opulence,
          gammafunk_temple_overflow_claw, uniq_ijyb
D:6:      layout_loops_ring
D:7:      layout_basic, mainiacjoe_overflow_chevrons,
          minmay_temple_entry_statues_pillars, uniq_duvessa, uniq_pikel
D:8:      layout_basic, dk_yredelemnul_ordeal, mainiacjoe_overflow_24_doors,
          grunt_ministairs_1, uniq_maurice, uniq_prince_ribbit1
D:9:      layout_rooms, kennysheep_little_box, mainiacjoe_overflow_two_lobes,
          serial_curves, eino_curves_01, eino_curves_03, uniq_psyche
D:10:     wander_river, layout_long_grid, erik_lair_orcish_takeover,
          grunt_ministairs_2, uniq_joseph
D:11:     layout_loops_corners, zombieorc1_lemuel, minmay_radiant, uniq_urug,
          uniq_erolcha
D:12:     layout_roguey
D:13:     minmay_firetagon, layout_cave_pools,
          lightli_vaults_fourway_checkpoint, serial_rivers,
          chequers_serial_rivers_large_a, chequers_serial_rivers_micro_e,
          chequers_serial_rivers_marsh, chequers_serial_rivers_small_b,
          chequers_serial_rivers_room_a, chequers_serial_rivers_marsh
Temple:   jpeg_temple_alley_garden
Lair:1:   layout_regular_city, portal_ice_cave_entry_ice_simulacra,
          grunt_megastairs_3, uniq_maggie, uniq_fannar
Lair:2:   layout_hall_layers, minmay_swamp_entry_reptiles,
          hangedman_tree_tricks, minmay_hedge_maze
Lair:3:   layout_cave_pods
Lair:4:   layout_loops_ring, guppyfry_snake_entry_garden, basic_altar,
          uniq_kirke
Lair:5:   layout_gridlike, dpeg_slime_entry_enclosed_altar, minivault_24,
          beast_lair_carwin_2
Lair:6:   hellmonk_lair_end_abyssal_woods, layout_small_grid,
          grunt_megastairs_4, lemuel_fruit_fields, serial_bayou_shore_a,
          lemuel_fruit_tree
Slime:1:  layout_caves
Slime:2:  layout_caves
Slime:3:  layout_caves
Slime:4:  layout_caves
Slime:5

Notes
Turn   | Place    | Note
-------+----------+-------------------------------------------
     0 | D:1      | agentchuck the Formicid Warper began the quest for the Orb.
     0 | D:1      | Reached XP level 1. HP: 16/16 MP: 3/3
   538 | D:1      | Reached XP level 2. HP: 20/23 MP: 5/5
  1166 | D:1      | Reached skill level 3 in Fighting
  1166 | D:1      | Reached XP level 3. HP: 29/29 MP: 6/6
  1627 | D:2      | Found a faded altar of an unknown god.
  1676 | D:2      | Became a worshipper of Jiyva Jefuizup the Shapeless
  1676 | D:2      | Reached * piety under Jiyva
  1827 | D:2      | Reached XP level 4. HP: 25/35 MP: 7/7
  2058 | D:2      | Noticed Natasha
  2066 | D:2      | Killed Natasha
  2067 | D:2      | Reached skill level 3 in Long Blades
  2067 | D:2      | Reached skill level 2 in Armour
  2224 | D:2      | Killed Natasha
  2359 | D:2      | Noticed Natasha
  2369 | D:2      | Killed Natasha
  2370 | D:2      | Reached XP level 5. HP: 30/41 MP: 8/8
  2581 | D:3      | Noticed Jessica
  2588 | D:3      | Killed Jessica
  2766 | D:3      | Reached skill level 2 in Throwing
  3046 | D:3      | Reached ** piety under Jiyva
  3276 | D:3      | Learned a level 3 spell: Teleport Other
  3280 | D:3      | Learned a level 3 spell: Lesser Beckoning
  3295 | D:3      | Reached skill level 4 in Fighting
  3295 | D:3      | Reached XP level 6. HP: 48/48 MP: 9/9
  3316 | D:3      | Reached skill level 3 in Armour
  3867 | D:4      | Reached skill level 4 in Long Blades
  3867 | D:4      | Reached XP level 7. HP: 45/55 MP: 10/10
  3968 | D:4      | Reached skill level 3 in Throwing
  4048 | D:4      | Found a broken altar of Ashenzari.
  4469 | D:5      | Entered Level 5 of the Dungeon
  4469 | D:5      | Noticed Ijyb
  4469 | D:5      | Noticed a shadow
  4646 | D:5      | Reached skill level 4 in Armour
  4715 | D:5      | Reached skill level 5 in Fighting
  4725 | D:5      | Found an opulent altar of Gozag.
  4725 | D:5      | Found a sparkling altar of Nemelex Xobeh.
  4747 | D:5      | Reached XP level 8. HP: 62/62 MP: 11/11
  4841 | D:5      | Killed Ijyb
  5164 | D:5      | Reached *** piety under Jiyva
  5256 | D:5      | Found a glowing silver altar of Zin.
  5256 | D:5      | Found an ancient bone altar of Kikubaaqudgha.
  5257 | D:5      | Found a hazy altar of Hepliaklqana.
  5300 | D:5      | Reached skill level 4 in Throwing
  5560 | D:6      | Reached skill level 5 in Long Blades
  5629 | D:6      | Noticed a yak
  5629 | D:6      | Noticed a yak
  5629 | D:6      | Noticed a yak
  5635 | D:6      | Noticed a yak
  5650 | D:6      | Killed a yak
  5666 | D:6      | Killed a yak
  5667 | D:6      | Reached skill level 5 in Armour
  5675 | D:6      | Killed a yak
  5676 | D:6      | Reached skill level 6 in Fighting
  5695 | D:6      | Killed a yak
  5696 | D:6      | Reached XP level 9. HP: 37/70 MP: 12/12
  5769 | D:6      | Gained mutation: You are covered in fur. (AC +1) [Jiyva's
                  | grace]
  5859 | D:6      | Reached skill level 5 in Throwing
  6353 | D:7      | Reached skill level 6 in Long Blades
  6417 | D:6      | Reached skill level 6 in Armour
  6442 | D:7      | Found a bloodstained altar of Trog.
  6473 | D:7      | Reached skill level 7 in Fighting
  6829 | D:7      | Reached skill level 6 in Throwing
  6830 | D:7      | Noticed a two-headed ogre
  6886 | D:7      | Found a staircase to the Ecumenical Temple.
  7387 | D:7      | Reached skill level 7 in Armour
  7467 | D:7      | Killed Dowan
  7547 | D:7      | Reached XP level 10. HP: 44/80 MP: 13/13
  7833 | Temple   | Entered the Ecumenical Temple
  7940 | D:7      | Noticed Duvessa
  7952 | D:7      | You fall into a shaft and drop 1 floor!
  7952 | D:8      | Found a runed translucent door.
  7959 | D:8      | Noticed Maurice
  7992 | D:9      | Reached skill level 2 in Dodging
  7992 | D:9      | Reached skill level 1 in Stealth
  8017 | D:8      | Noticed Prince Ribbit
  8381 | D:7      | Noticed Pikel
  8451 | D:6      | Reached skill level 1 in Evocations
  8696 | D:8      | Reached skill level 2 in Stealth
  8710 | D:8      | Reached skill level 8 in Fighting
  8713 | D:8      | Noticed an unseen horror
  8718 | D:8      | Reached skill level 2 in Evocations
  8738 | D:8      | Killed Maurice
  8739 | D:8      | Killed an unseen horror
  8740 | D:8      | Reached skill level 3 in Stealth
  8782 | D:8      | Found a basalt altar of Yredelemnul.
  8804 | D:8      | Reached skill level 3 in Dodging
  8890 | D:8      | Reached skill level 3 in Evocations
  8902 | D:8      | Reached skill level 4 in Stealth
  9108 | D:8      | Found a burning altar of Makhleb.
  9530 | D:8      | Killed Prince Ribbit
  9936 | D:9      | Reached skill level 4 in Evocations
 10193 | D:9      | Reached skill level 4 in Dodging
 10193 | D:9      | Reached skill level 5 in Stealth
 10266 | D:9      | Found a snail-covered altar of Cheibriados.
 10266 | D:9      | Noticed Psyche
 10376 | D:9      | Killed Psyche
 10680 | D:9      | Reached skill level 9 in Fighting
 10680 | D:9      | Reached skill level 7 in Long Blades
 10725 | D:9      | Found a shimmering blue altar of Sif Muna.
 10774 | D:9      | Found a stormy altar of Qazlal.
 10790 | D:9      | Reached XP level 11. HP: 64/89 MP: 14/14
 10901 | D:9      | Gained mutation: You passively map a small area around you.
                  | [Jiyva's grace]
 11004 | D:10     | Entered Level 10 of the Dungeon
 11004 | D:10     | Noticed Joseph
 11139 | D:9      | Reached skill level 5 in Evocations
 11577 | D:10     | Found a staircase to the Lair.
 11802 | D:9      | Reached skill level 8 in Armour
 12127 | D:9      | Reached **** piety under Jiyva
 12518 | D:10     | Identified a scarf of resistance
 12521 | D:10     | Gained mutation: You expend magic power (3 MP) to
                  | strengthen your wands. [Jiyva's grace]
 12705 | D:10     | Reached skill level 8 in Long Blades
 12722 | D:10     | Identified the +1 leather armour of Vexation {rElec}
 12841 | D:10     | Noticed Joseph
 12841 | D:10     | Joseph changed into Joseph the water moccasin
 12860 | D:10     | Killed Joseph the water moccasin
 12861 | D:10     | Reached skill level 6 in Evocations
 13211 | Lair:1   | Entered Level 1 of the Lair of Beasts
 13232 | Lair:1   | Noticed Fannar
 13279 | Lair:1   | Gained mutation: Your system is resistant to poisons.
                  | (rPois) [Jiyva's grace]
 13292 | Lair:1   | Reached ***** piety under Jiyva
 13330 | Lair:1   | Reached skill level 10 in Fighting
 13373 | Lair:1   | Lost mutation: Your system is resistant to poisons. (rPois)
                  | [Jiyva's grace]
 13404 | Lair:1   | Noticed Maggie
 13407 | Lair:1   | Noticed Maggie
 13407 | Lair:1   | Maggie changed into Maggie the hornet
 13421 | Lair:1   | Killed Maggie the hornet
 13502 | Lair:1   | Found a frozen archway.
 13509 | IceCv    | Entered an ice cave
 13853 | Lair:1   | Slimified Fannar
 13853 | Lair:1   | Noticed Fannar
 13853 | Lair:1   | Fannar changed into Fannar the slime creature
 13853 | Lair:1   | Gained mutation: Your flesh is cold resistant. (rC+)
                  | [Jiyva's grace]
 14251 | Lair:2   | Noticed a seven-headed hydra
 15295 | Lair:1   | Reached XP level 12. HP: 89/93 MP: 15/15
 15353 | Lair:1   | Reached skill level 9 in Armour
 15512 | Lair:2   | Reached skill level 7 in Evocations
 16273 | Lair:2   | Reached skill level 9 in Long Blades
 16327 | Lair:2   | Noticed a four-headed hydra
 16345 | Lair:2   | Slimified a four-headed hydra
 16345 | Lair:2   | a four-headed hydra changed into a slime creature
 16397 | Lair:2   | HP: 9/99 [poisoned by a black mamba]
 16402 | Lair:2   | HP: 5/99 [poisoned by a black mamba]
 16795 | Lair:2   | Found a staircase to the Swamp.
 16850 | Lair:2   | Found a blossoming altar of Fedhas.
 16872 | Lair:2   | Noticed a five-headed hydra
 16906 | Lair:2   | Killed a five-headed hydra
 17244 | Lair:2   | Reached skill level 11 in Fighting
 17456 | Lair:2   | Reached skill level 8 in Evocations
 17721 | Lair:3   | HP: 10/100 [poisoned by a black mamba]
 17726 | Lair:2   | HP: 7/100 [poisoned by a black mamba]
 18283 | Lair:3   | Reached skill level 10 in Armour
 19329 | Lair:4   | Noticed Kirke
 19711 | Lair:3   | Killed Kirke
 19939 | Lair:4   | Noticed a boulder beetle
 19955 | Lair:4   | Killed a boulder beetle
 20053 | Lair:4   | Noticed a four-headed hydra
 20162 | Lair:4   | Reached XP level 13. HP: 53/106 MP: 16/16
 20385 | Lair:4   | Found a staircase to the Snake Pit.
 20420 | Lair:4   | Found a sacrificial altar of Ru.
 20602 | Lair:4   | Reached skill level 10 in Long Blades
 20602 | Lair:4   | Reached skill level 9 in Evocations
 20846 | Lair:4   | Gained mutation: You possess an exceptional clarity of
                  | mind. [Jiyva's grace]
 21504 | Lair:5   | Identified the +6 trident "Soeso" {flame, rF+ Str+4 Dex+2}
 21670 | Lair:5   | Found a viscous altar of Jiyva.
 21671 | Lair:5   | Found a staircase to the Slime Pits.
 21860 | Slime:1  | Entered Level 1 of the Pits of Slime
 21860 | Slime:1  | Noticed an acid blob
 21870 | Slime:2  | Noticed a great orb of eyes
 21876 | Slime:3  | Noticed an acid blob
 21880 | Slime:4  | Noticed an acid blob
 21880 | Slime:4  | Noticed a quicksilver ooze
 21880 | Slime:4  | Noticed an acid blob
 21889 | Slime:5  | Entered Level 5 of the Pits of Slime
 21893 | Slime:5  | Noticed an acid blob
 21898 | Slime:5  | Noticed an azure jelly
 21899 | Slime:5  | Noticed an acid blob
 21903 | Slime:5  | Noticed an acid blob
 21905 | Slime:5  | Noticed the Royal Jelly
 21906 | Slime:5  | Found a viscous altar of Jiyva.
 21906 | Slime:5  | Noticed a great orb of eyes
 21908 | Slime:5  | Found the ring of the Hare {EV+8}
 21911 | Slime:5  | Noticed a quicksilver ooze
 21925 | Slime:5  | Noticed a rockslime
 21934 | Slime:4  | Noticed a quicksilver ooze
 22002 | Lair:6   | Entered Level 6 of the Lair of Beasts
 22004 | Lair:6   | Noticed a five-headed hydra
 22059 | Lair:5   | Identified a scroll of acquirement
 22059 | Lair:5   | Acquired a +2 double sword of flaming
 22222 | Lair:6   | Noticed a six-headed hydra
 22241 | Lair:5   | Killed a four-headed hydra
 22242 | Lair:5   | Reached skill level 12 in Fighting
 22397 | Lair:6   | Reached skill level 11 in Armour
 22797 | Lair:6   | Killed a three-headed hydra
 22798 | Lair:6   | Reached skill level 10 in Evocations
 23033 | Lair:6   | Noticed a seven-headed hydra
 23047 | Lair:6   | Killed a four-headed hydra
 23050 | Lair:6   | Gained mutation: You are agile. (Dex +2) [Jiyva's grace]
 23188 | Lair:6   | Reached skill level 11 in Long Blades
 23409 | Lair:6   | Acquired 890 gold pieces
 23452 | Lair:6   | Learned a level 1 spell: Magic Dart
 23585 | Lair:6   | Reached XP level 14. HP: 105/116 MP: 17/17
 24664 | Lair:6   | Reached skill level 12 in Armour
 24689 | Lair:6   | Reached skill level 13 in Fighting
 24950 | Lair:6   | Found a corrupted altar of Lugonu.
 24950 | Lair:6   | Found a one-way gate to the infinite horrors of the Abyss.
 25389 | D:11     | Reached skill level 7 in Throwing
 25497 | D:11     | Reached skill level 5 in Dodging
 25536 | D:11     | Noticed Urug
 25562 | D:11     | Killed Urug
 25804 | D:11     | Noticed Erolcha
 25827 | D:11     | Killed Erolcha
 26193 | D:11     | Found a staircase to the Orcish Mines.
 26373 | D:11     | Gained mutation: Armour fits poorly on your strangely
                  | shaped body. [Jiyva's grace]
 27679 | D:12     | Slain by a phantasmal warrior

Vanquished Creatures
  3 boulder beetles
  5 hydras
  Erolcha (D:11)
  A centaur warrior (D:11)
  2 two-headed ogres (D:11)
  2 death yaks
  3 thrashing horrors (Lair:6)
  Urug (D:11)
  A deep elf pyromancer (D:11)
  3 ugly things (Lair:6)
  8 elephants
  A manticore (D:12)
  5 black mambas
  2 smoke demons (Lair:6)
  6 cane toads
  An unseen horror (D:8)
  5 komodo dragons
  A komodo dragon (shapeshifter) (Lair:6)
  A rime drake (Lair:4)
  An entropy weaver simulacrum (IceCv)
  3 trolls
  2 ancient zymes (Lair:6)
  2 hornets
  2 polar bears
  A meliai zombie (D:11)
  A hornet (shapeshifter) (Lair:6)
  19 blink frogs
  Prince Ribbit (D:8)
  3 wyverns
  2 wraiths
  3 ynoxinuls (Lair:6)
  A shadow (D:11)
  56 yaks
  A hog (Lair:3)
  6 basilisks
  A steam dragon (D:7)
  4 nagas (Lair:4)
  3 wargs (D:9)
  An acid dragon (D:10)
  8 water moccasins
  2 ice beasts
  5 orc warriors
  2 sky beasts
  An ogre (D:5)
  A necrophage (D:5)
  8 wolves
  3 centaurs
  2 kobold brigands
  4 phantoms
  9 bullfrogs
  2 scorpions
  10 small abominations (Lair:6)
  14 killer bees
  A troll zombie (D:11)
  4 howler monkeys
  3 centaur zombies
  A hound (D:6)
  6 orc priests
  Jessica (D:3)
  A centaur skeleton (D:7)
  Ijyb (D:5)
  Natasha (twice) (D:2)
  5 iguanas
  3 hell rats (Lair:1)
  6 orc wizards
  A killer bee zombie (D:9)
  5 ogre zombies (D:11)
  A hound zombie (D:5)
  2 hound skeletons (D:4)
  2 howler monkey zombies
  3 adders
  An ufetubus (D:6)
  3 worms
  5 dart slugs
  34 orcs
  4 ball pythons
  2 bats (D:1)
  3 endoplasms (D:1)
  A giant cockroach (D:1)
  6 hobgoblins
  9 jackals
  3 quokkas
  A frilled lizard (D:1)
  5 goblins
  A goblin skeleton (D:8)
  3 goblin zombies (D:11)
  A hobgoblin zombie (D:11)
  13 kobolds
  An orc skeleton (D:11)
  6 orc zombies (D:11)
  8 rats
394 creatures vanquished.

Vanquished Creatures (others)
  Kirke (Lair:3)
  A centaur warrior (D:11)
  A death yak (Lair:4)
  A cyclops (D:12)
  Maurice (D:8)
  A black mamba (Lair:3)
  Psyche (D:9)
  A cane toad (Lair:4)
  A slime creature (D:13)
  A wyvern (D:8)
  6 yaks
  A basilisk (Lair:1)
  5 humans (Lair:4)
  A steam dragon (D:7)
  A water moccasin (Lair:3)
  A kobold brigand (D:8)
  3 lemures (D:7)
  A bullfrog (Lair:1)
  Dowan (D:7)
  A killer bee (D:7)
  2 centaur zombies
  95 jellies
  A centaur skeleton (D:5)
  Natasha (D:2)
  An iguana (D:4)
  An orc wizard (D:9)
  2 hell rats (Lair:1)
  An adder (D:4)
  An endoplasm (D:3)
  5 orcs
  A giant cockroach (D:4)
  A goblin (D:3)
  A hobgoblin (D:3)
  2 jackals (D:3)
  2 ball pythons
  4 bats
  2 goblin skeletons
  2 hobgoblin zombies (D:11)
  8 kobolds
  An orc skeleton (D:11)
  4 orc zombies (D:11)
  8 bushes (Lair:2)
  A butterfly (Lair:6)
  126 fungi
  195 plants
499 creatures vanquished.

Grand Total: 893 creatures vanquished

Table legend: (Time is in decaauts)
 A = Elapsed time spent in this place.
 B = Non-inter-level travel time spent in this place.
 C = Inter-level travel time spent in this place.
 D = Time resting spent in this place.
 E = Time spent auto-exploring this place.
 F = Levels seen in this place.
 G = Mean time per level.
                   A        B        C        D        E       F      G
               +--------+--------+--------+--------+--------+-----+--------+
         Total |  27385 |  25389 |   1996 |   9486 |   1859 |  26 | 1053.3 |
       Dungeon |  15328 |  14293 |   1035 |   4630 |    721 |  13 | 1179.1 |
        Temple |     88 |     88 |      0 |      0 |      0 |   1 |   88.0 |
          Lair |  11859 |  10949 |    910 |   4856 |   1138 |   6 | 1976.5 |
    Slime Pits |    104 |     53 |     51 |      0 |      0 |   5 |   20.8 |
      Ice Cave |      4 |      4 |      0 |      0 |      0 |   1 |    4.0 |
               +--------+--------+--------+--------+--------+-----+--------+

Top non-repeatable levels by time:
  Lair:6: 2681 daAuts
  Lair:1: 2637 daAuts
     D:9: 2596 daAuts
  Lair:2: 2052 daAuts
  Lair:3: 1839 daAuts
     D:7: 1579 daAuts
     D:1: 1484 daAuts
  Lair:4: 1401 daAuts
     D:6: 1316 daAuts
    D:11: 1285 daAuts
     D:8: 1274 daAuts
  Lair:5: 1247 daAuts
     D:4: 1189 daAuts
    D:10: 1150 daAuts
     D:2: 1003 daAuts

Table legend:
 A = Non-vault XP
 B = Vault XP
 C = Vault XP percentage of total XP
 D = Non-vault monster count
 E = Vault monster count
 F = Vault count percentage of total count
                 A         B        C        D         E       F
            +---------+---------+-------+---------+---------+-------
      Total |   42549 |   24598 |  36.6 |     296 |     107 |  26.6
            +---------+---------+-------+---------+---------+-------
        D:1 |      41 |       0 |   0.0 |      25 |       0 |   0.0
        D:2 |      75 |      35 |  31.8 |      15 |       1 |   6.2
        D:3 |      92 |     137 |  59.8 |      13 |       2 |  13.3
        D:4 |     312 |       0 |   0.0 |      19 |       0 |   0.0
        D:5 |     554 |      35 |   5.9 |      17 |       1 |   5.6
        D:6 |    1716 |       0 |   0.0 |      13 |       0 |   0.0
        D:7 |    1178 |       0 |   0.0 |      14 |       0 |   0.0
        D:8 |    1740 |     554 |  24.1 |      11 |       7 |  38.9
        D:9 |    3546 |    1365 |  27.8 |      38 |      11 |  22.4
       D:10 |     379 |     220 |  36.7 |       4 |       3 |  42.9
       D:11 |    3588 |    4981 |  58.1 |      13 |      26 |  66.7
       D:12 |    2768 |       0 |   0.0 |      15 |       0 |   0.0
     Lair:1 |    3914 |     564 |  12.6 |      24 |       4 |  14.3
     Lair:2 |    3266 |    1191 |  26.7 |      14 |       4 |  22.2
     Lair:3 |    2809 |    1147 |  29.0 |      10 |       3 |  23.1
     Lair:4 |    4651 |    2040 |  30.5 |      15 |       6 |  28.6
     Lair:5 |    2311 |     512 |  18.1 |       6 |       2 |  25.0
     Lair:6 |    9609 |   11479 |  54.4 |      30 |      36 |  54.5
      IceCv |       0 |     338 | 100.0 |       0 |       1 | 100.0
            +---------+---------+-------+---------+---------+-------
